[Event "Jiraskuv memorial B"]
[Site "Rakovnik"]
[Date "2011.08.10"]
[Round "6"]
[White "Pokorny, Tomas"]
[Black "Veselsky, Jan"]
[Result "1-0"]
[ECO "D70"]
[WhiteElo "1703"]
[BlackElo "1650"]
[PlyCount "111"]
[EventDate "2011.08.??"]
[EventType "swiss"]
[EventRounds "9"]
[EventCountry "CZE"]
[TimeControl "180"]

{24MB, Fritz8.ctg, sach1} 1. d4 Nf6 2. Nf3 g6 3. e3 d5 4. c4 Bg7 5. Bd3 Bg4 6.
h3 Bd7 7. Nc3 c6 8. Qb3 Qb6 9. Qxb6 axb6 10. cxd5 cxd5 11. Ne5 Nc6 12. Nxd7
Nxd7 13. Nxd5 O-O 14. Bd2 e5 15. dxe5 Rad8 16. Bb5 Ncxe5 17. Bc3 Nc5 18. Rd1
Ned3+ 19. Bxd3 Rxd5 20. Bc2 Rxd1+ 21. Kxd1 Bxc3 22. bxc3 Ra8 23. Bb1 Na4 24.
Kc2 Rc8 25. Kb3 Nc5+ 26. Kb2 Na4+ 27. Kb3 Nc5+ 28. Kb4 Rd8 29. Rc1 Rd2 30. Rc2
Rd1 31. Rb2 Rg1 32. g3 h5 33. h4 Ne6 34. Kc4 g5 35. hxg5 Nxg5 36. Bf5 h4 37.
gxh4 Nf3 38. Kb5 Nxh4 39. Be4 Rc1 40. Rc2 Rb1+ 41. Ka4 b5+ 42. Ka3 b6 43. Rb2
Rc1 44. Kb4 Rg1 45. Kxb5 Rg4 46. Bd3 Nf3 47. Be2 Rg5+ 48. Kxb6 Ne5 49. a4 Nd7+
50. Kc6 Nf6 51. Bb5 Ne4 52. c4 Rg6+ 53. Kc7 Rf6 54. a5 Nc5 55. Ra2 Ne6+ 56. Kc8
1-0

[Event "Jiraskuv memorial B"]
[Site "Rakovnik"]
[Date "2011.08.10"]
[Round "6"]
[White "Arvanitakis, Panagiotis"]
[Black "Rerabek, Jaroslav"]
[Result "1-0"]
[ECO "A00"]
[WhiteElo "1497"]
[BlackElo "1626"]
[PlyCount "20"]
[EventDate "2011.08.??"]
[EventType "swiss"]
[EventRounds "9"]
[EventCountry "CZE"]
[TimeControl "240+2"]

{1056MB, Fritz8.ctg} 1. c3 Nf6 2. a3 g6 3. b4 Bg7 4. d4 O-O 5.
g3 d6 6. Bg2 a5 7. Bb2 axb4 8. axb4 Rxa1 9. Bxa1 Qd7 10. e3 Qa4 1-0

[Event "Jiraskuv memorial B"]
[Site "Rakovnik"]
[Date "2011.08.10"]
[Round "6"]
[White "Pribyl, Viktor"]
[Black "Pribylova, Sofie"]
[Result "0-1"]
[ECO "D20"]
[WhiteElo "1250"]
[BlackElo "1250"]
[PlyCount "22"]
[EventDate "2011.08.??"]
[EventType "swiss"]
[EventRounds "9"]
[EventCountry "CZE"]
[TimeControl "240+2"]

{1056MB, Fritz8.ctg} 1. d4 d5 2. c4 dxc4 3. Nc3 Nf6 4. e4 Nc6 5. Nf3 Bg4 6. d5
Bxf3 7. Qxf3 Nd4 8. Qd1 e5 9. Bxc4 Bb4 10. Qa4+ Qd7 11. Qxb4 Nc2+ 0-1

[Event "Jiraskuv memorial B"]
[Site "Rakovnik"]
[Date "2011.08.10"]
[Round "6"]
[White "Rerabkova, Eliska"]
[Black "Sebek, Pavel"]
[Result "1/2-1/2"]
[ECO "B33"]
[WhiteElo "1250"]
[BlackElo "1679"]
[PlyCount "79"]
[EventDate "2011.08.??"]
[EventType "swiss"]
[EventRounds "9"]
[EventCountry "CZE"]
[TimeControl "40/7200:20/3600:1800"]

{Bily se nedostavil.} 1. e4 c5 2. Nf3 Nc6 3. d4 cxd4 4. Nxd4
Nf6 5. Nc3 a6 6. Be3 e6 7. Be2 Be7 8. O-O b5 9. Nxc6 dxc6 10. Qxd8+ Bxd8 11.
Bc5 Nd7 12. Bd6 Be7 13. Bxe7 Kxe7 14. Rad1 Bb7 15. Rd2 Rad8 16. Rfd1 Nf6 17.
Rxd8 Rxd8 18. Rxd8 Kxd8 19. e5 Nd5 20. Nxd5 cxd5 21. f4 Ke7 22. Kf2 f6 23. Ke3
g6 24. Kd4 h6 25. Kc5 fxe5 26. fxe5 Kd7 27. Kb6 Bc8 28. b3 Kd8 29. a4 bxa4 30.
bxa4 Kd7 31. Bxa6 Bxa6 32. Kxa6 Kc6 33. a5 g5 34. Ka7 h5 35. a6 Kc7 36. g3 d4
37. h4 g4 38. Ka8 Kc8 39. Ka7 Kc7 40. Ka8 1/2-1/2

[Event "Jiraskuv memorial B"]
[Site "Rakovnik"]
[Date "2011.08.10"]
[Round "6"]
[White "Koblic, Miroslav"]
[Black "Mleziva, Miloslav"]
[Result "0-1"]
[ECO "A03"]
[WhiteElo "1698"]
[BlackElo "1695"]
[PlyCount "102"]
[EventDate "2011.08.??"]
[EventType "swiss"]
[EventRounds "9"]
[EventCountry "CZE"]
[TimeControl "40/7200:20/3600:1800"]

{Bily se nedostavil.} 1. f4 d5 2. d4 c5 3. e3 Nf6 4. c3 cxd4 5. exd4 Bg4 6. Nf3
Nc6 7. Bd3 e6 8. O-O Bd6 9. Qe1 Bxf3 10. Rxf3 Qc7 11. Nd2 Bxf4 12. Qh4 Bxd2 13.
Bxd2 O-O-O 14. b4 Ne7 15. a4 Ng6 16. Qe1 Ng4 17. Rg3 h5 18. h3 Nf6 19. Bxg6
fxg6 20. Qxe6+ Kb8 21. Rxg6 Ne4 22. Be3 Qxc3 23. Bf4+ Ka8 24. Rc1 Qxd4+ 25. Kh2
Qf2 26. Qe5 Rhf8 27. Bg3 Nxg3 28. Qxg3 Qf4 29. Qxf4 Rxf4 30. Rxg7 Rxb4 31. Rcc7
a6 32. a5 d4 33. Rgd7 Rxd7 34. Rxd7 Rb5 35. Rxd4 Rxa5 36. Rd2 Rg5 37. Kg1 a5
38. Kf2 Ka7 39. Ke3 Ka6 40. Kf4 Rc5 41. Rb2 b5 42. Ke4 h4 43. Kd4 Rc4+ 44. Kd3
a4 45. Ra2 Ka5 46. Rf2 a3 47. Ra2 Ka4 48. Rf2 Kb3 49. Rf8 a2 50. Ra8 Ra4 51.
Rb8 b4 0-1

[Event "Jiraskuv memorial B"]
[Site "Rakovnik"]
[Date "2011.08.10"]
[Round "6"]
[White "Folbr, Martin"]
[Black "Hajsman, Martin"]
[Result "0-1"]
[ECO "C00"]
[WhiteElo "1353"]
[BlackElo "1699"]
[PlyCount "144"]
[EventDate "2011.08.??"]
[EventType "swiss"]
[EventRounds "9"]
[EventCountry "CZE"]
[TimeControl "40/7200:20/3600:1800"]

{Bily se nedostavil.} 1. e4 e6 2. Nf3 d5 3. e5 b6 4. d4 Ba6 5. Bd3 Bxd3 6. Qxd3
c5 7. O-O Nc6 8. Be3 cxd4 9. Nxd4 Nxe5 10. Qb5+ Qd7 11. Bf4 Bd6 12. Qxd7+ Kxd7
13. Nc3 Nf3+ 14. Nxf3 Bxf4 15. g3 Bd6 16. Nb5 a6 17. Nxd6 Kxd6 18. Rfe1 Nh6 19.
b3 Rhd8 20. Ng5 Ra7 21. Rad1 Ke7 22. Nf3 Rc7 23. Rd2 Kf8 24. Ng5 Kg8 25. c4
Rcd7 26. Red1 Ng4 27. Nf3 Nf6 28. Ne5 Rd6 29. f3 Ne8 30. a4 f6 31. Ng4 dxc4 32.
Rxd6 Rxd6 33. Rb1 cxb3 34. Rxb3 Nc7 35. Ne3 Nd5 36. Nc4 Rc6 37. Nb2 Rc3 38.
Rxc3 Nxc3 39. Kf2 Kf7 40. Ke3 Ke7 41. Kd4 Nd5 42. f4 Kd6 43. Nd3 Ne7 44. Kc4
Nc6 45. Kc3 e5 46. fxe5+ fxe5 47. Nf2 Kd5 48. Ng4 Ke4 49. Nf2+ Kf3 50. Nd3 e4
51. Nf4 e3 52. Kc4 e2 53. Nd3 Kg2 54. Nf4+ Kf1 55. Nd3 Ne5+ 56. Nxe5 e1=Q 57.
Nc6 Qe4+ 58. Nd4 b5+ 59. axb5 axb5+ 60. Kc3 b4+ 61. Kc4 b3 62. Kc3 b2 63. Nb3
b1=Q 64. Nd2+ Ke2 65. Nxb1 Qxb1 66. Kd4 Qd3+ 67. Ke5 Ke3 68. Ke6 Ke4 69. Kf7
Qd7+ 70. Kg8 g6 71. h4 Ke5 72. h5 Kf6 0-1

[Event "Jiraskuv memorial B"]
[Site "Rakovnik"]
[Date "2011.08.10"]
[Round "6"]
[White "Zacek, Petr"]
[Black "Sulitka, Oldrich"]
[Result "1-0"]
[ECO "C45"]
[WhiteElo "1608"]
[BlackElo "1585"]
[PlyCount "91"]
[EventDate "2011.08.??"]
[EventType "swiss"]
[EventRounds "9"]
[EventCountry "CZE"]
[TimeControl "40/7200:20/3600:1800"]

{Bily se nedostavil.} 1. e4 e5 2. Nf3 Nc6 3. d4 exd4 4. Nxd4 Bc5 5. Be3 Qf6 6.
c3 Nge7 7. Bc4 d6 8. O-O Ne5 9. Be2 O-O 10. Nb5 c6 11. Bxc5 dxc5 12. f4 cxb5
13. fxe5 Qxe5 14. Qc2 c4 15. Nd2 Be6 16. Nf3 Qc5+ 17. Kh1 f5 18. Nd4 Bd7 19. b4
Qe5 20. Bf3 Rf7 21. Rfe1 f4 22. Rad1 Raf8 23. Ne2 Bc6 24. Nd4 Bd7 25. Ne2 Bc8
26. Rd4 Ng6 27. Rd5 Qf6 28. Red1 Nh4 29. Rd6 Qe7 30. Ng1 Rf6 31. Qd2 Ng6 32.
Rd8 Ne5 33. Rxf8+ Rxf8 34. Qd5+ Kh8 35. Qxb5 Nd3 36. Rd2 Qe6 37. Qd5 Qa6 38. e5
b5 39. Re2 Be6 40. Qd6 Qc8 41. h4 Qe8 42. Bc6 Qf7 43. Nf3 h6 44. Bxb5 Kg8 45.
Bc6 Bg4 46. Bd5 1-0

[Event "Jiraskuv memorial B"]
[Site "Rakovnik"]
[Date "2011.08.11"]
[Round "7"]
[White "Rerabek, Jaroslav"]
[Black "Vankova, Veronika"]
[Result "1-0"]
[ECO "C50"]
[WhiteElo "1626"]
[BlackElo "1279"]
[PlyCount "85"]
[EventDate "2011.08.??"]
[EventType "swiss"]
[EventRounds "9"]
[EventCountry "CZE"]
[TimeControl "40/7200:20/3600:1800"]

{Bily se nedostavil.} 1. e4 e5 2. Nf3 Nc6 3. Bc4 Be7 4. Nc3 Nf6 5. d3 O-O 6.
O-O d6 7. h3 Nd4 8. Be3 Be6 9. Bxe6 Nxe6 10. Qe2 c6 11. Rad1 d5 12. exd5 cxd5
13. Bg5 d4 14. Nb1 Nxg5 15. Nxg5 Nd5 16. Nf3 f6 17. Nbd2 Qe8 18. Ne4 Qg6 19.
Ng3 Rae8 20. Qe4 Qxe4 21. Nxe4 Nf4 22. Rfe1 f5 23. Ng3 Bb4 24. Rxe5 Rxe5 25.
Nxe5 g6 26. Nf3 Rd8 27. Kf1 Kf7 28. Ne2 Nxe2 29. Kxe2 Kf6 30. h4 h6 31. a3 Ba5
32. Nd2 g5 33. hxg5+ hxg5 34. Nb3 Bb6 35. Rh1 Rc8 36. Kd2 Ke5 37. Rh7 Rb8 38.
a4 Bd8 39. Rd7 Bf6 40. Nxd4 Kf4 41. c3 g4 42. Rd5 a6 43. Rxf5# 1-0

[Event "Jiraskuv memorial B"]
[Site "Rakovnik"]
[Date "2011.08.11"]
[Round "7"]
[White "Folbr, Martin"]
[Black "Zacek, Petr"]
[Result "1/2-1/2"]
[ECO "A16"]
[WhiteElo "1353"]
[BlackElo "1608"]
[PlyCount "57"]
[EventDate "2011.08.??"]
[EventType "swiss"]
[EventRounds "9"]
[EventCountry "CZE"]
[TimeControl "40/7200:20/3600:1800"]

{Bily se nedostavil.} 1. c4 Nf6 2. Nc3 g6 3. e3 Bg7 4. Nf3 O-O 5. d4 d6 6. g3
c6 7. Bg2 Na6 8. a3 Nc7 9. O-O d5 10. Ne5 dxc4 11. Nxc4 Ne6 12. d5 cxd5 13.
Nxd5 Nxd5 14. Bxd5 Qc7 15. Qd2 Ng5 16. e4 Nf3+ 17. Kg2 Nd4 18. Qd1 e6 19. Bf4
e5 20. Nxe5 Bxe5 21. Rc1 Qd6 22. Bxe5 Qxe5 23. f4 Qg7 24. e5 Nf5 25. Qd3 Ne7
26. Bf3 Nc6 27. g4 Be6 28. Kh1 Rad8 29. Qe3 1/2-1/2

[Event "Jiraskuv memorial B"]
[Site "Rakovnik"]
[Date "2011.08.11"]
[Round "7"]
[White "Gruss, Petr"]
[Black "Cerny, Michal"]
[Result "1/2-1/2"]
[ECO "D94"]
[WhiteElo "1724"]
[BlackElo "1790"]
[PlyCount "23"]
[EventDate "2011.08.??"]
[EventType "swiss"]
[EventRounds "9"]
[EventCountry "CZE"]
[TimeControl "40/7200:20/3600:1800"]

{Bily se nedostavil.} 1. d4 Nf6 2. c4 g6 3. Nc3 d5 4. Nf3 Bg7 5. e3 O-O 6. Be2
Nc6 7. Bd2 Bf5 8. cxd5 Nxd5 9. a3 e5 10. dxe5 Nxe5 11. O-O Re8 12. Nd4 1/2-1/2

[Event "Jiraskuv memorial B"]
[Site "Rakovnik"]
[Date "2011.08.11"]
[Round "7"]
[White "Jesensky, Jaromir"]
[Black "Arvanitakis, Panagiotis"]
[Result "0-1"]
[ECO "B12"]
[WhiteElo "1553"]
[BlackElo "1497"]
[PlyCount "62"]
[EventDate "2011.08.??"]
[EventType "swiss"]
[EventRounds "9"]
[EventCountry "CZE"]
[TimeControl "40/7200:20/3600:1800"]

{Bily se nedostavil.} 1. e4 c6 2. d4 a6 3. Bd3 b5 4. Nf3 d5 5. e5 g6 6. O-O Bg7
7. Re1 e6 8. a4 Bb7 9. Nbd2 Ne7 10. Nb3 Nd7 11. Bd2 O-O 12. Na5 Rb8 13. Nxb7
Rxb7 14. axb5 axb5 15. Bg5 Re8 16. Qd2 c5 17. Ra5 cxd4 18. Rxb5 Rc7 19. Rb4 Qc8
20. Bxe7 Rxe7 21. Rxd4 Nc5 22. b4 Nxd3 23. Qxd3 Rxc2 24. Qb3 Rb7 25. b5 Qc5 26.
Rd2 Rxd2 27. Nxd2 Rxb5 28. Qd3 Qb6 29. Kh1 Rb2 30. f4 Bf8 31. Rb1 Rxd2 0-1

[Event "Jiraskuv memorial B"]
[Site "Rakovnik"]
[Date "2011.08.11"]
[Round "7"]
[White "Hajsman, Martin"]
[Black "Pokorny, Tomas"]
[Result "1/2-1/2"]
[ECO "A22"]
[WhiteElo "1699"]
[BlackElo "1703"]
[PlyCount "57"]
[EventDate "2011.08.??"]
[EventType "swiss"]
[EventRounds "9"]
[EventCountry "CZE"]
[TimeControl "40/7200:20/3600:1800"]

{Bily se nedostavil.} 1. c4 e5 2. Nc3 Nf6 3. g3 d6 4. Bg2 c6 5. d3 Be6 6. Nf3
Be7 7. O-O O-O 8. Bd2 h6 9. b4 a6 10. Qc2 Nbd7 11. Rfb1 Rc8 12. b5 axb5 13.
cxb5 c5 14. a4 b6 15. a5 bxa5 16. Qa4 Rb8 17. Qxa5 Nb6 18. Na4 Nfd5 19. Nxb6
Nxb6 20. Qc3 Bf6 21. e4 Qd7 22. Qc2 Ra8 23. Ba5 Qb7 24. Nd2 Bd8 25. Bxb6 Bxb6
26. Nc4 Bxc4 27. dxc4 Ra7 28. Qb2 Rfa8 29. Rxa7 1/2-1/2

[Event "Jiraskuv memorial B"]
[Site "Rakovnik"]
[Date "2011.08.11"]
[Round "7"]
[White "Hajsman, Ladislav"]
[Black "Hejda, Vaclav"]
[Result "1-0"]
[ECO "D26"]
[WhiteElo "1831"]
[BlackElo "1825"]
[PlyCount "103"]
[EventDate "2011.08.??"]
[EventType "swiss"]
[EventRounds "9"]
[EventCountry "CZE"]
[TimeControl "180"]

{24MB, Fritz8.ctg, sach1} 1. d4 d5 2. c4 dxc4 3. Nf3 e6 4. e3 Nf6 5. Nc3 Be7 6.
Bxc4 c6 7. O-O O-O 8. Qc2 Nbd7 9. a3 Nd5 10. Ne4 N7f6 11. Ng3 g6 12. e4 Nb6 13.
Ba2 Ne8 14. Bh6 Ng7 15. Rad1 Bd6 16. e5 Be7 17. Ne4 Nd5 18. Bb1 f5 19. exf6
Bxf6 20. Ne5 Bxe5 21. dxe5 Rf5 22. Nf6+ Kh8 23. Qe2 Rxe5 24. Qxe5 Qxf6 25. Qxf6
Nxf6 26. Rd8+ Nge8 27. Re1 Kg8 28. Bg5 Kf7 29. Bxf6 Nxf6 30. Ba2 Ke7 31. Rh8
Nd5 32. Bxd5 cxd5 33. Rc1 Kd7 34. Rxh7+ Kd6 35. Rh8 Kd7 36. Rg8 b6 37. Rxg6 Ba6
38. h4 Bc4 39. Rg7+ Kd6 40. f4 a5 41. Kf2 a4 42. Ke3 Rf8 43. h5 b5 44. h6 Rh8
45. Rh1 Kc5 46. Rh5 Kd6 47. Kd4 Be2 48. Rh4 Bd1 49. g4 Bc2 50. g5 e5+ 51. fxe5+
Ke6 52. h7 1-0

[Event "Jiraskuv memorial B"]
[Site "Rakovnik"]
[Date "2011.08.11"]
[Round "7"]
[White "Zika, Vaclav"]
[Black "Cernouskova, Alena"]
[Result "1/2-1/2"]
[ECO "D08"]
[WhiteElo "1748"]
[BlackElo "1702"]
[PlyCount "139"]
[EventDate "2011.08.??"]
[EventType "swiss"]
[EventRounds "9"]
[EventCountry "CZE"]
[TimeControl "180"]

{24MB, Fritz8.ctg, sach1} 1. d4 d5 2. c4 e5 3. dxe5 d4 4. Nf3 Nc6 5. a3 a5 6.
Bf4 h6 7. h3 g5 8. Bg3 Nge7 9. e4 Ng6 10. Nbd2 Bg7 11. Nb3 Ngxe5 12. Nxe5 Nxe5
13. Bxe5 Bxe5 14. Be2 d3 15. Qxd3 Qxd3 16. Bxd3 Bxb2 17. Ra2 Bc3+ 18. Ke2 b6
19. Rc2 Be5 20. c5 Be6 21. Nd2 Bd4 22. cxb6 Bxb6 23. Bc4 Bd7 24. Bd5 Rd8 25.
Bc6 Ke7 26. Bxd7 Rxd7 27. Rhc1 Rd4 28. Rc4 Rhd8 29. Rxd4 Rxd4 30. Rc4 Kd6 31.
Rxd4+ Bxd4 32. Nc4+ Kc5 33. Nxa5 Kb5 34. Nb3 Bb2 35. Kd3 Bxa3 36. Nd4+ Kc5 37.
g4 Kb6 38. Nf5 Bf8 39. Kc4 Kc6 40. e5 Kd7 41. Kd5 c5 42. Ng3 Kc7 43. Ne4 Kd7
44. Nxc5+ Ke7 45. e6 Bg7 46. exf7 Kxf7 47. Ne4 Kg6 48. Ng3 Bc3 49. Ke6 Bd4 50.
Ne4 Bb6 51. f3 Be3 52. Nf6 Bd4 53. Nd7 h5 54. Ne5+ Kh6 55. Kf5 hxg4 56. hxg4
Kg7 57. Nd7 Be3 58. Nf6 Bc1 59. Ne4 Kh6 60. Kf6 Bf4 61. Kf5 Bc1 62. Nd6 Kg7 63.
Ne8+ Kh6 64. Kf6 Bb2+ 65. Kf7 Be5 66. Nf6 Bb2 67. Nh5 Bc3 68. Ng3 Bb2 69. Nf5+
Kh7 70. Nd6 1/2-1/2

[Event "Jiraskuv memorial B"]
[Site "Rakovnik"]
[Date "2011.08.11"]
[Round "7"]
[White "Veselsky, Jan"]
[Black "Zak, Jiri"]
[Result "0-1"]
[ECO "D90"]
[WhiteElo "1650"]
[BlackElo "1627"]
[PlyCount "150"]
[EventDate "2011.08.??"]
[EventType "swiss"]
[EventRounds "9"]
[EventCountry "CZE"]
[TimeControl "180"]

{24MB, Fritz8.ctg, sach1} 1. d4 d5 2. c4 c6
3. Nf3 Nf6 4. Nc3 g6 5. e3 e6 6. Bd3 Bg7 7. O-O O-O 8. b3 Qc7 9. Bb2 Nbd7 10.
Rc1 a6 11. Re1 Rb8 12. Qc2 Re8 13. e4 dxe4 14. Nxe4 b6 15. Qb1 Bb7 16. d5 exd5
17. Nxf6+ Bxf6 18. cxd5 c5 19. b4 Bxb2 20. Qxb2 Bxd5 21. Nd2 Qb7 22. Bf1 cxb4
23. Qxb4 Bxa2 24. Qa4 Rxe1 25. Rxe1 Qd5 26. Rd1 Nc5 27. Qc2 Rd8 28. Be2 Qe6 29.
Bf3 Bb3 30. Nxb3 Rxd1+ 31. Qxd1 Qxb3 32. Qd8+ Kg7 33. Qd4+ f6 34. h3 Qd3 35.
Qf4 Qd8 36. Qb4 a5 37. Qc4 Qd6 38. Qb5 a4 39. Qb2 Kf8 40. Be2 Ke7 41. Bb5 Qd1+
42. Kh2 Qb3 43. Qd2 Qe6 44. Qc2 a3 45. g3 Qe5 46. Qd2 Qe6 47. Qb4 Qb3 48. Qe1+
Ne6 49. Qe2 Qb2 50. Qd3 Qxf2+ 51. Kh1 Qd4 52. Qxa3+ Qc5 53. Qd3 Qd4 54. Qa3+
Qc5 55. Qd3 Qd6 56. Qe3 Kd8 57. Qf3 Nc7 58. Bc4 b5 59. Bb3 Kd7 60. Qg4+ f5 61.
Qh4 h5 62. Qg5 Nd5 63. Qd2 Nf6 64. Qe3 Ne4 65. g4 hxg4 66. hxg4 Qc5 67. Qd3+
Kc7 68. Qf3 Nf2+ 69. Kg2 Nxg4 70. Qg3+ Ne5 71. Bf7 Kb6 72. Bb3 Qd4 73. Qe1 Qb2+
74. Kf1 Qxb3 75. Qxe5 Qc4+ 0-1

[Event "Jiraskuv memorial B"]
[Site "Rakovnik"]
[Date "2011.08.11"]
[Round "7"]
[White "Mleziva, Miloslav"]
[Black "Cizkovsky, Ota"]
[Result "0-1"]
[ECO "B20"]
[WhiteElo "1695"]
[BlackElo "1694"]
[PlyCount "140"]
[EventDate "2011.08.??"]
[EventType "swiss"]
[EventRounds "9"]
[EventCountry "CZE"]
[TimeControl "180"]

{24MB, Fritz8.ctg, sach1} 1. e4 c5 2. e5 d6 3. exd6 Qxd6 4. Nf3 Nc6 5. Be2 Nf6
6. O-O e6 7. Nc3 Be7 8. Nb5 Qd8 9. Nc3 O-O 10. b3 b6 11. Bb2 Bb7 12. d3 Qd7 13.
Qd2 Rfd8 14. Rad1 Nd4 15. Ne5 Qc7 16. f4 Bd6 17. Rde1 Bxe5 18. fxe5 Qxe5 19.
Bd1 Qd6 20. Qg5 h6 21. Qh4 Nf5 22. Qh3 Qd4+ 23. Kh1 Qh4 24. Qxh4 Nxh4 25. Rf2
Bc6 26. h3 Nd5 27. Nxd5 Rxd5 28. Kh2 Rf5 29. Rfe2 Rd8 30. Be5 Ng6 31. Bg3 h5
32. h4 Ne7 33. c4 Kh7 34. Bc2 Rd4 35. Kh3 Ng6 36. Rf2 Kg8 37. Rxf5 exf5 38. Rf1
f4 39. Bf2 Rd6 40. g3 f3 41. Re1 Nf8 42. Kh2 Re6 43. Rxe6 Nxe6 44. Kg1 f6 45.
Kf1 g5 46. hxg5 fxg5 47. Ke1 Kf7 48. Be3 g4 49. Kf2 Kf6 50. b4 Nd4 51. Bd1 Nf5
52. Bf4 Ne7 53. bxc5 b5 54. Bb3 Ng6 55. Bc7 Ne5 56. Bc2 bxc4 57. dxc4 Nxc4 58.
a4 Nd2 59. Ke3 Ne4 60. Bxe4 Bxe4 61. a5 a6 62. Bd6 Kf5 63. Bb8 Bc6 64. Bd6 Ke6
65. Bf8 Kd5 66. Bg7 Kc4 67. Bd4 h4 68. gxh4 g3 69. Be5 f2 70. Ke2 Bg2 0-1

[Event "Jiraskuv memorial B"]
[Site "Rakovnik"]
[Date "2011.08.11"]
[Round "7"]
[White "Ruzicka, Vaclav"]
[Black "Koblic, Miroslav"]
[Result "1-0"]
[ECO "B12"]
[WhiteElo "1703"]
[BlackElo "1698"]
[PlyCount "107"]
[EventDate "2011.08.??"]
[EventType "swiss"]
[EventRounds "9"]
[EventCountry "CZE"]
[TimeControl "180"]

{24MB, Fritz8.ctg, sach1} 1. e4 c6 2. d4 d5 3. Nd2 e6 4. Ngf3 Bb4 5. c3 Ba5 6.
Bd3 dxe4 7. Nxe4 f5 8. Bg5 Qd5 9. Ned2 Bd8 10. Bf4 Nf6 11. c4 Qd7 12. c5 O-O
13. Bd6 Be7 14. Ne5 Qd8 15. Ndc4 b5 16. Bxe7 Qxe7 17. Nd6 Ne8 18. Nxc8 Qc7 19.
Nd6 Nxd6 20. cxd6 Qxd6 21. Nf3 Nd7 22. O-O Rf6 23. Re1 Rh6 24. h3 Rf8 25. Bf1
Rff6 26. Ne5 Qc7 27. f4 Nb8 28. Rc1 Qd6 29. Rc3 a5 30. a3 Rf8 31. Be2 Rc8 32.
Bxb5 Qe7 33. Bxc6 g5 34. fxg5 Qxg5 35. Qf3 Qf6 36. d5 Rd8 37. dxe6 Qxe6 38.
Qg3+ Kf8 39. Nd7+ Nxd7 40. Rxe6 Rxe6 41. Qd3 Re1+ 42. Kh2 Ke7 43. Qd2 Re5 44.
Re3 Rxe3 45. Qxe3+ Kf7 46. Qb3+ Ke7 47. Qb7 h6 48. Qc7 h5 49. Bxd7 Rxd7 50.
Qxa5 Kf6 51. Qc3+ Ke6 52. a4 Ra7 53. a5 Kd5 54. b4 1-0

[Event "Jiraskuv memorial B"]
[Site "Rakovnik"]
[Date "2011.08.12"]
[Round "8"]
[White "Bauer, Ondrej"]
[Black "Folbr, Martin"]
[Result "1-0"]
[ECO "D53"]
[WhiteElo "1457"]
[BlackElo "1353"]
[PlyCount "65"]
[EventDate "2011.08.??"]
[EventType "swiss"]
[EventRounds "9"]
[EventCountry "CZE"]
[TimeControl "180"]

{24MB, Fritz8.ctg, sach1} 1. d4 d5 2. c4 e6 3. Nc3 Nf6 4. Bg5
Be7 5. Bxf6 Bxf6 6. e3 O-O 7. Nf3 Nc6 8. cxd5 exd5 9. Bd3 Ne7 10. Qc2 g6 11. h4
Bf5 12. Bxf5 Nxf5 13. h5 Kg7 14. g4 Nh6 15. Rg1 Bg5 16. Qb3 Qf6 17. Qxd5 Bxe3
18. fxe3 Rae8 19. Kd2 Qb6 20. Qb5 Qd6 21. Rae1 f5 22. hxg6 fxg4 23. gxh7 Kxh7
24. Ne5 Rf5 25. Kc2 b6 26. Qxe8 Rf2+ 27. Re2 Rxe2+ 28. Nxe2 Qf6 29. Nf4 Qf5+
30. Kd2 Qe4 31. Qe7+ Kg8 32. Nfg6 Qf5 33. Qe8+ 1-0

[Event "Jiraskuv memorial B"]
[Site "Rakovnik"]
[Date "2011.08.12"]
[Round "8"]
[White "Sulitka, Oldrich"]
[Black "Vankova, Veronika"]
[Result "0-1"]
[ECO "E00"]
[WhiteElo "1585"]
[BlackElo "1279"]
[PlyCount "64"]
[EventDate "2011.08.??"]
[EventType "swiss"]
[EventRounds "9"]
[EventCountry "CZE"]
[TimeControl "180"]

{24MB, Fritz8.ctg, sach1} 1. d4 e6 2. c4 Nf6 3. Bg5 Be7 4. Nf3
d5 5. e3 Ne4 6. Bxe7 Qxe7 7. c5 O-O 8. Bd3 Ng5 9. Nbd2 Qf6 10. Nxg5 Qxg5 11.
O-O f6 12. Nf3 Qh6 13. Re1 Nc6 14. e4 Re8 15. exd5 Nb4 16. Bc4 Qg6 17. Rc1 Nxd5
18. Bd3 Qg4 19. Re4 Qh5 20. Rh4 Qf7 21. Bxh7+ Kf8 22. Qd3 f5 23. Ne5 Qf6 24.
Qg3 Ke7 25. Bg6 Rf8 26. Rh7 Rg8 27. Bf7 Rf8 28. Rxg7 Qh6 29. Rf1 Nf4 30. Re1
Ne2+ 31. Kf1 Nxg3+ 32. fxg3 Qxg7 0-1

[Event "Jiraskuv memorial B"]
[Site "Rakovnik"]
[Date "2011.08.12"]
[Round "8"]
[White "Pribyl, Viktor"]
[Black "Sebek, Pavel"]
[Result "1/2-1/2"]
[ECO "A56"]
[WhiteElo "1250"]
[BlackElo "1679"]
[PlyCount "24"]
[EventDate "2011.08.??"]
[EventType "swiss"]
[EventRounds "9"]
[EventCountry "CZE"]
[TimeControl "40/7200:20/3600:1800"]

{16MB, Fritz8.ctg, SACHY-67D9C7985} 1. d4 Nf6 2. c4 c5 3. d5
d6 4. Nc3 g6 5. e4 Nbd7 6. Bg5 Bg7 7. Nf3 h6 8. Bh4 O-O 9. Be2 Ng4 10. a3 a6
11. b4 Bxc3+ 12. Nd2 Bxa1 1/2-1/2

[Event "Jiraskuv memorial B"]
[Site "Rakovnik"]
[Date "2011.08.12"]
[Round "8"]
[White "Zacek, Petr"]
[Black "Jesensky, Jaromir"]
[Result "1/2-1/2"]
[ECO "C45"]
[WhiteElo "1608"]
[BlackElo "1553"]
[PlyCount "39"]
[EventDate "2011.08.??"]
[EventType "swiss"]
[EventRounds "9"]
[EventCountry "CZE"]
[TimeControl "40/7200:20/3600:1800"]

{16MB, Fritz8.ctg, SACHY-67D9C7985} 1. e4 e5 2. Nf3 Nc6 3. d4 exd4 4. Nxd4 Bc5 5. Be3 Qf6 6. c3 d6 7. Bc4 Nge7 8. O-O Ne5 9.
Be2 O-O 10. Nb5 Bxe3 11. fxe3 Qg5 12. Nd2 Bh3 13. Rf2 c6 14. Nd4 Rad8 15. N2f3
Nxf3+ 16. Bxf3 Be6 17. Qe2 Ng6 18. Nb3 Ne5 19. Nd4 Nxf3+ 20. Nxf3 1/2-1/2

[Event "Jiraskuv memorial B"]
[Site "Rakovnik"]
[Date "2011.08.12"]
[Round "8"]
[White "Georgiev, Lukas"]
[Black "Pribylova, Sofie"]
[Result "1-0"]
[ECO "C34"]
[WhiteElo "1607"]
[BlackElo "1250"]
[PlyCount "59"]
[EventDate "2011.08.??"]
[EventType "swiss"]
[EventRounds "9"]
[EventCountry "CZE"]
[TimeControl "40/7200:20/3600:1800"]

{16MB, Fritz8.ctg, SACHY-67D9C7985} 1. e4 e5 2. f4 exf4 3. Nf3 Nc6 4. d4 Nf6 5.
d5 Nb8 6. e5 Ng8 7. Bxf4 d6 8. Nc3 dxe5 9. Nxe5 Bd6 10. Bb5+ Bd7 11. O-O Nf6
12. Qf3 O-O 13. Rae1 Bxb5 14. Nxb5 Nbd7 15. Nxd6 cxd6 16. Nc4 Rc8 17. b3 Rc5
18. Bxd6 Rxc4 19. bxc4 Re8 20. Rxe8+ Qxe8 21. Bg3 Ne5 22. Bxe5 Qxe5 23. Qf4
Qxf4 24. Rxf4 Kf8 25. Kf2 Ke7 26. Ke3 g5 27. Rf5 h6 28. Kd4 Nd7 29. c5 f6 30.
a4 1-0

[Event "Jiraskuv memorial B"]
[Site "Rakovnik"]
[Date "2011.08.12"]
[Round "8"]
[White "Cizkovsky, Ota"]
[Black "Gruss, Petr"]
[Result "0-1"]
[ECO "C30"]
[WhiteElo "1694"]
[BlackElo "1724"]
[PlyCount "66"]
[EventDate "2011.08.??"]
[EventType "swiss"]
[EventRounds "9"]
[EventCountry "CZE"]
[TimeControl "40/7200:20/3600:1800"]

{16MB, Fritz8.ctg, SACHY-67D9C7985} 1. e4 e5 2. f4 d6 3. Nf3 Nc6 4. Bc4 f6 5.
d3 Na5 6. Bb3 Ne7 7. fxe5 dxe5 8. Ba4+ Bd7 9. Bxd7+ Qxd7 10. Bd2 Nac6 11. Nc3
Nd4 12. O-O Nec6 13. a3 Bc5 14. Kh1 Nxf3 15. Qxf3 Nd4 16. Qd1 c6 17. Ne2 O-O-O
18. b4 Bb6 19. Nc3 Nb5 20. Nxb5 cxb5 21. Qe2 Kb8 22. Rfd1 Rc8 23. c4 Bd4 24.
Ra2 bxc4 25. dxc4 Rhd8 26. h3 Qa4 27. Be3 Rxc4 28. Rad2 Qc6 29. Bxd4 Rdxd4 30.
Rxd4 Rxd4 31. Rxd4 exd4 32. e5 Qc1+ 33. Kh2 Qf4+ 0-1

[Event "Jiraskuv memorial B"]
[Site "Rakovnik"]
[Date "2011.08.12"]
[Round "8"]
[White "Zak, Jiri"]
[Black "Rerabek, Jaroslav"]
[Result "1-0"]
[ECO "B73"]
[WhiteElo "1627"]
[BlackElo "1626"]
[PlyCount "88"]
[EventDate "2011.08.??"]
[EventType "swiss"]
[EventRounds "9"]
[EventCountry "CZE"]
[TimeControl "40/7200:20/3600:1800"]

{16MB, Fritz8.ctg, SACHY-67D9C7985} 1. e4 c5 2. Nf3 d6 3. d4 cxd4 4. Nxd4 Nf6
5. Nc3 g6 6. Be2 Bg7 7. Be3 O-O 8. O-O Nc6 9. f4 Qb6 10. Qd3 Qxb2 11. Rab1 Qa3
12. Nxc6 bxc6 13. f5 Qa5 14. Kh1 Qc7 15. a4 a5 16. Qc4 Ba6 17. Qxa6 Rxa6 18.
Bxa6 Ng4 19. Rb7 Qd8 20. Bb6 Qe8 21. Ne2 e6 22. h3 Ne5 23. f6 Bh8 24. Re7 Qb8
25. Rb7 Qxb7 26. Bxb7 Rb8 27. Bc7 Rxb7 28. Bxd6 Nc4 29. Be7 e5 30. Rd1 Rb8 31.
g4 g5 32. Ng3 h6 33. Nf5 Kh7 34. Rd7 Kg6 35. Nd6 Nxd6 36. Rxd6 Rb1+ 37. Kg2 Ra1
38. Rxc6 Rxa4 39. Kf3 Ra1 40. Kf2 a4 41. Bd6 Rh1 42. Bxe5 Rxh3 43. Ra6 Ra3 44.
Ke2 Rg3 1-0